 Dungeon Crawl Stone Soup version 0.19-a0-465-g1d1674b (webtiles) character file.

607 ololoev the Conjurer (level 7, -1/36 HPs)
             Began as a Deep Elf Fire Elementalist on June 3, 2016.
             Slain by a killer bee (9 damage)
             ... on level 5 of the Dungeon.
             The game lasted 00:10:13 (1253 turns).

ololoev the Conjurer (Deep Elf Fire Elementalist)   Turns: 1253, Time: 00:10:15

Health: -1/36      AC:  3    Str:  5    XL:     7   Next: 19%
Magic:  1/17       EV: 13    Int: 22    God:
Gold:   171        SH:  0    Dex: 15    Spells: 4 memorised, 6 levels left

rFire  + . .     SeeInvis .     a - +3 dagger (venom)
rCold  . . .     Gourm    .     e - +0 robe
rNeg   . . .     Faith    .     (no shield)
rPois  .         Spirit   .     n - +0 helmet
rElec  .         Dismiss  .     (no cloak)
rCorr  .         Reflect  .     (no gloves)
SustAt .         Harm     .     (no boots)
MR     .....                    (no amulet)
Stlth  ++........               (no ring)
                                o - ring of protection from fire

@: lethally poisoned (-1 -> -18), about to teleport, not resistant to hostile
enchantments, unstealthy
A: no striking features
a: no special abilities

Inventory:

Hand Weapons
 a - a +3 dagger of venom (weapon)
 b - the +1 spear "Kaahyf" {holy, +Fly SInv}
   (You found it on level 4 of the Dungeon)

   It has been blessed by the Shining One to cause great damage to the undead
   and demons.
   It lets you see invisible.
   It lets you fly.
Missiles
 j - 2 throwing nets (quivered)
Armour
 e - a +0 robe (worn)
 n - a +0 helmet (worn)
Jewellery
 o - a ring of protection from fire (left hand)
Scrolls
 l - a scroll of recharging
 p - 2 scrolls of amnesia
Potions
 d - 2 potions of haste
 h - 2 potions of curing
 i - a potion of cancellation {unknown}
 q - a potion of heal wounds
 r - 2 potions of might {unknown}
Books
 m - a book of Flames

   Spells                             Type                      Level
   a - Flame Tongue                   Conjuration/Fire             1
   b - Throw Flame                    Conjuration/Fire             2
   c - Conjure Flame                  Conjuration/Fire             3
   d - Inner Flame                    Hexes/Fire                   3
   e - Sticky Flame                   Conjuration/Fire             4
   f - Fireball                       Conjuration/Fire             5
Comestibles
 c - 2 bread rations
 g - a meat ration


   Skills:
 - Level 2.4 Dodging
 - Level 2.4 Stealth
 + Level 5.9 Spellcasting
 * Level 6.2 Conjurations
 + Level 5.1 Fire Magic


You had 6 spell levels left.
You knew the following spells:

 Your Spells              Type           Power        Failure   Level  Hunger
a - Flame Tongue          Conj/Fire      ####.        1%          1    None
b - Conjure Flame         Conj/Fire      ####....     2%          3    #......
c - Sticky Flame          Conj/Fire      ####....     12%         4    ###....
e - Inner Flame           Hex/Fire       ###.....     12%         3    #......


You were on level 5 of the Dungeon.
You were not hungry.

You visited 1 branch of the dungeon, and saw 5 of its levels.

You collected 171 gold pieces.

##### .......).#
.......>?#
.......))+
.........#
.........#
.........#
.......y.#
#######y## #@# #)#
#.# #.# #.#
################.#
.................#
##################

Notes
Turn   | Place    | Note
--------------------------------------------------------------
     0 | D:1      | ololoev the Deep Elf Fire Elementalist began the quest for the Orb.
     0 | D:1      | Reached XP level 1. HP: 10/10 MP: 6/6
     0 | D:1      | jacquesderrida: MACHI LALIEV
    40 | D:1      | Reached XP level 2. HP: 15/15 MP: 4/8
    63 | D:1      | Reached skill level 2 in Conjurations
   320 | D:2      | Reached XP level 3. HP: 14/19 MP: 7/9
   327 | D:2      | Learned a level 3 spell: Conjure Flame
   331 | D:2      | Learned a level 3 spell: Inner Flame
   420 | D:3      | Reached skill level 3 in Conjurations
   440 | D:5      | Entered Level 5 of the Dungeon
   558 | D:4      | Noticed Sigmund
   576 | D:4      | Killed Sigmund
   576 | D:4      | Reached skill level 4 in Conjurations
   576 | D:4      | Reached XP level 4. HP: 18/24 MP: 5/12
   576 | D:4      | Reached XP level 5. HP: 21/28 MP: 5/14
   646 | D:4      | Got a pitted spear
   647 | D:4      | Identified the +1 spear "Kaahyf" {holy, +Fly SInv} (You found it on level 4 of the Dungeon)
   653 | D:4      | Noticed Robin
   691 | D:5      | Noticed a centaur
   715 | D:4      | Killed Robin
   746 | D:4      | Noticed Blork the orc
   761 | D:4      | Killed Blork the orc
   761 | D:4      | Reached skill level 5 in Spellcasting
   761 | D:4      | Reached skill level 5 in Conjurations
   761 | D:4      | Reached XP level 6. HP: 27/32 MP: 10/15
   771 | D:4      | Learned a level 4 spell: Sticky Flame
  1162 | D:5      | Reached skill level 6 in Conjurations
  1162 | D:5      | Reached skill level 5 in Fire Magic
  1162 | D:5      | Reached XP level 7. HP: 36/36 MP: 6/17
  1163 | D:5      | jacquesderrida: Как они умудрились сразу 210 жизней отнять, когда я спустился по лестнице?!
  1163 | D:5      | jacquesderrida: Это же ебануться!
  1163 | D:5      | ololoev: это ж мумии
  1163 | D:5      | jacquesderrida: А Н Р И Л Ч И К
  1163 | D:5      | ololoev: 5хтормент 3х смайт
  1193 | D:5      | jacquesderrida: А хуль с блорксом влогом сделали
  1197 | D:5      | jacquesderrida: Че он мочит за три хода
  1197 | D:5      | ololoev: он всегда так мочит если не свезет на роллы
  1197 | D:5      | jacquesderrida: он че лалиев он че
  1218 | D:5      | jacquesderrida: ;^(
  1253 | D:5      | Slain by a killer bee

Dungeon Overview and Level Annotations

Branches:
Dungeon (5/15)
 Temple: D:4-7

Altars:


Message History

Items here: ))) [[ † An orc comes into view.
It is wielding a dagger.
The orc moves out of view.
An orc comes into view. It is wielding a short sword.
Things that are here:
a hand axe; an orc corpse An orc comes into view.
It is wielding a club.
Casting: Flame Tongue
Confirm with . or Enter, or press ? or * to list all spells.
Aiming: Flame Tongue
Press: ? - help, Shift-Dir - straight line, f - orc
Aim: an orc, wielding a short sword The flame tongue hits the orc.
You kill the orc!
The orc shouts!
An orc comes into view.
Casting: Flame Tongue
Confirm with . or Enter, or press ? or * to list all spells.
Aiming: Flame Tongue
Press: ? - help, Shift-Dir - straight line, f - orc
Aim: an orc, wielding a club The flame tongue hits the orc.
You kill the orc!
The orc shouts! x2
Casting: Flame Tongue
Confirm with . or Enter, or press ? or * to list all spells.
You can't see any susceptible monsters within range! (Use Z to cast anyway.)
Casting: Flame Tongue
Confirm with . or Enter, or press ? or * to list all spells.
Aiming: Flame Tongue
Press: ? - help, Shift-Dir - straight line, f - orc
Aim: an orc, wielding a dagger and wearing a ring mail The flame tongue hits the orc.
You kill the orc!
Casting: Flame Tongue
Confirm with . or Enter, or press ? or * to list all spells.
Aiming: Flame Tongue
Press: ? - help, Shift-Dir - straight line, f - orc
Aim: an orc The flame tongue hits the orc.
You kill the orc!
The killer bee buzzes angrily.
Things that are here:
a hand axe; an orc corpse
Casting: Flame Tongue
Confirm with . or Enter, or press ? or * to list all spells.
Aiming: Sticky Flame
Press: ? - help, Shift-Dir - straight line, f - killer bee
Aim: a killer bee The sticky flame hits the killer bee.
The killer bee is lightly wounded.
The killer bee is covered in liquid flames!
The killer bee burns!
The killer bee stings you!
You are poisoned.
The killer bee poisons you! The killer bee stings you!
You are more poisoned.
The killer bee poisons you!
Unknown command.
As you read the scroll labeled TOQESHI BUEMA, it crumbles to dust.
It is a scroll of amnesia.
Forget which spell ([?*] list [ESC] exit)?
Forget which spell ([?*] list [ESC] exit)?
Okay, then.
You feel sick.
The killer bee burns!
The killer bee closely misses you. The killer bee stings you.
Unknown command.
You feel sick.
The killer bee burns!
Items here: ))) [[ †
As you read the scroll labeled VULEGEDOAMO, it crumbles to dust.
You hear a loud clanging noise!
It was a scroll of noise.
You feel sick.
You hear a shout!
You hear a bark!
The killer bee burns!
The killer bee stings you.
You are more poisoned.
The killer bee poisons you!
Unknown command.
As you read the scroll labeled HAEKAUXTYI, it crumbles to dust.
You feel strangely unstable.
It was a scroll of teleportation.
You feel sick.
The killer bee burns!
The killer bee stops burning.
The killer bee stings you!
You die...

You could see 2 killer bees.

Vanquished Creatures
  Sigmund (D:4)
  A phantom (D:5)
  Blork the orc (D:4)
  A scorpion (D:5)
  A jelly (D:4)
  A centaur zombie (D:5)
  2 hounds
  Robin (D:4)
  A gnoll (D:1)
  4 adders
  A giant gecko (D:1)
  10 orcs (D:5)
  4 giant cockroaches
  8 goblins
  5 hobgoblins
  A jackal (D:4)
  A ball python (D:1)
  5 bats
  3 giant newts
  6 kobolds
  A quokka zombie (D:5)
  A rat (D:3)
60 creatures vanquished.

Action                   |  1- 3 |  4- 6 |  7- 9 || total
-------------------------+-------+-------+-------++-------
Melee: Dagger            |    22 |    29 |       ||    51
 Cast: Flame Tongue      |    42 |    16 |    12 ||    70
       Conjure Flame     |       |     4 |     1 ||     5
       Inner Flame       |       |     3 |       ||     3
       Sticky Flame      |       |     2 |     1 ||     3
  Use: Scroll            |     7 |     1 |     3 ||    11
 Stab: Sleeping          |     3 |     2 |       ||     5
  Eat: Chunk             |       |     1 |     1 ||     2
Armor: Robe              |     8 |     9 |       ||    17
Dodge: Dodged            |    31 |    29 |     1 ||    61

Vault maps used:
D:1:      dpeg_arrival_rooms_c
D:2:      kennysheep_big_flooded_room, xom_butterflies, minmay_misc_feat_chi
D:3:      first_bread
D:4:      roderic_roman_lattice, uniq_sigmund, uniq_blork_the_orc, uniq_robin
D:5:      kennysheep_little_box
